 Dungeon Crawl Stone Soup version 0.30-a0-341-g682706514a (webtiles) character file.

Game seed: 844403396331212303

417984 Lobster4 the Hoplite (level 24, -4/208 HPs)
             Began as a Human Wanderer on Nov 4, 2022.
             Was the Champion of Makhleb.
             Slain by a tengu reaver
             ... wielding a +2 bardiche of flaming
              (12 damage)
             ... on level 5 of the Vaults on Nov 5, 2022.
             The game lasted 05:19:23 (69544 turns).

Lobster4 the Hoplite (Human Wanderer)              Turns: 69544, Time: 05:19:24

Health: -4/208     AC: 36    Str: 25    XL:     24   Next: 79%
Magic:  53/53      EV: 10    Int: 15    God:    Makhleb [******]
Gold:   5209       SH: 31    Dex: 14    Spells: 28/29 levels left

rFire   + + .      SeeInvis .    a - +5 eveningstar (protect)
rCold   + + .      Faith    .    v - +0 tower shield {AC+3}
rNeg    . . .      Spirit   .    w - +1 storm dragon scales "Tuxiegu" {-Cast rElec rPois Str+4}
rPois   +          Reflect  +    f - +2 hat {Will+}
rElec   +          Harm     .    i - scarf {rC+ rF+}
rCorr   +          Rampage  .    h - +1 pair of gloves
Will    +++..      NoCast   +    H - +2 pair of boots
Stlth   ..........               k - amulet "Toil" {Reflect rF+ rC+ rCorr SH+5}
HPRegen 0.54/turn                B - ring of the Octopus King {HP+2 MP+9 AC+2 EV+2 SH+2}
MPRegen 0.33/turn                e - ring "Xeusau Egao" {Will+ rCorr MP+9}

@: under a protective aura, constricted, studying 2 skills
A: no striking features
}: 2/15 runes: decaying, gossamer
a: Renounce Religion, Minor Destruction, Lesser Servant of Makhleb, Major
Destruction, Greater Servant of Makhleb


You were on level 5 of the Vaults.
You worshipped Makhleb.
Makhleb was exalted by your worship.
You visited 9 branches of the dungeon, and saw 43 of its levels.
You also visited: Bailey.

You collected 6732 gold pieces.
You spent 1523 gold pieces at shops.

Inventory:

Hand Weapons
 a - a +5 eveningstar of protection (weapon)
 b - the +8 whip "Snakebite" {venom, curare, rPois}
   (You found it on level 1 of the Lair of Beasts)

   It poisons the flesh of those it strikes.
   It occasionally inflicts asphyxiating poison on those it strikes, dealing
   poison damage and causing slowness.
   rPois:     It protects you from poison.
 M - a +0 vorpal sling
Missiles
 o - 20 atropa-tipped darts
 x - 43 poisoned darts
 E - 12 curare-tipped darts
Armour
 f - a +2 hat of willpower (worn)
 h - a +1 pair of gloves (worn)
 i - a scarf of resistance (worn)
 v - a +0 tower shield of protection (worn)
 w - the +1 storm dragon scales "Tuxiegu" (worn) {-Cast rElec rPois Str+4}
   (You found it in a bailey)

   Str:       It affects your strength (+4).
   rElec:     It insulates you from electricity.
   rPois:     It protects you from poison.
   -Cast:     It prevents spellcasting.
 H - a +2 pair of boots (worn)
Jewellery
 e - the ring "Xeusau Egao" (right hand) {Will+ rCorr MP+9}
   (You acquired it on level 1 of the Lair of Beasts)

   [ring of resist corrosion]

   MP:        It affects your magic capacity (+9).
   rCorr:     It protects you from acid and corrosion.
   Will:      It increases your willpower.
 k - the amulet "Toil" (around neck) {Reflect rF+ rC+ rCorr SH+5}
   (You found it on level 3 of the Elven Halls)

   [amulet of reflection]

   It reflects blocked missile attacks.
   rF:        It protects you from fire.
   rC:        It protects you from cold.
   rCorr:     It protects you from acid and corrosion.
   SH:        It affects your SH (+5).
 B - a ring of the Octopus King (left hand) {HP+2 MP+9 AC+2 EV+2 SH+2}
   (You bought it in a shop on level 2 of the Orcish Mines)

   [ring of magical power]

   AC:        It affects your AC (+2).
   EV:        It affects your evasion (+2).
   HP:        It affects your health (+2).
   MP:        It affects your magic capacity (+9).
   SH:        It affects your SH (+2).
 C - a ring of protection from cold
 V - a ring of flight
Wands
 c - a wand of charming (37)
 n - a wand of quicksilver (13)
 D - a wand of mindburst (4)
 I - a wand of digging (7)
 N - a wand of iceblast (14)
 U - a wand of flame (38)
Scrolls
 d - 3 scrolls of teleportation
 l - 2 scrolls of poison
 p - 6 scrolls of immolation
 r - 3 scrolls of silence
 t - a scroll of enchant weapon
 y - 2 scrolls of enchant armour
 S - 4 scrolls of fear
 W - 7 scrolls of magic mapping
 X - 5 scrolls of fog
Potions
 g - 12 potions of flight
 j - 6 potions of haste
 q - a potion of heal wounds
 s - a potion of berserk rage
 u - 7 potions of lignification
 z - 6 potions of magic
 A - 4 potions of ambrosia
 G - 5 potions of resistance
 L - 5 potions of cancellation
 O - 18 potions of curing
Miscellaneous
 m - a phantom mirror
 F - a lightning rod (4/4)
 K - a tin of tremorstones (1/2)
 P - a condenser vane


   Skills:
 + Level 20.7 Fighting
 - Level 2.0 Long Blades
 - Level 7.9(13.1) Axes
 - Level 16.3(17.0) Maces & Flails
 - Level 3.0 Ranged Weapons
 - Level 3.0 Throwing
 - Level 12.0 Armour
 - Level 6.0 Dodging
 * Level 25.0 Shields
 - Level 3.0 Spellcasting
 - Level 3.0 Conjurations
 - Level 16.0 Invocations
 - Level 3.0 Evocations


You had 28 spell levels left.
You knew the following spells:

 Your Spells              Type           Power      Damage    Failure   Level
a - Magic Dart            Conj           44%        1d5       32%         1

Your spell library contained the following spells:

 Spells                   Type           Power      Damage    Failure   Level
 Searing Ray              Conj           22%        2d5       43%         2
 Shock                    Conj/Air       24%        1d4       52%         1
 Momentum Strike          Conj/Tloc      12%        3d8       65%         2
 Static Discharge         Conj/Air       12%        2-3/arc   65%         2
 Apportation              Tloc           4%         N/A       73%         1
 Beastly Appendage        Tmut           4%         N/A       73%         1
 Freeze                   Ice            8%         1d3       73%         1
 Sandblast                Erth           4%         2d4       73%         1
 Summon Small Mammal      Summ           8%         N/A       73%         1
 Blink                    Tloc           4%         N/A       86%         2
 Call Imp                 Summ           2%         N/A       86%         2
 Passwall                 Tmut/Erth      1%         N/A       86%         2
 Wereblood                Tmut           2%         N/A       86%         2
 Dazzling Flash           Conj/Hex       12%        N/A       87%         3
 Hailstorm                Conj/Ice       6%         3d4       87%         3
 Stone Arrow              Conj/Erth      12%        3d7       87%         3
 Mephitic Cloud           Conj/Pois/Air  5%         N/A       91%         3
 Call Canine Familiar     Summ           2%         N/A       97%         3
 Frozen Ramparts          Ice            4%         1d1       97%         3
 Lesser Beckoning         Tloc           4%         N/A       97%         3
 Portal Projectile        Hex/Tloc       4%         N/A       97%         3
 Spider Form              Tmut/Pois      2%         N/A       97%         3
 Summon Guardian Golem    Hex/Summ       2%         N/A       97%         3
 Swiftness                Air            2%         N/A       97%         3
 Tukima's Dance           Hex            2%         N/A       97%         3
 Vhi's Electric Charge    Tloc/Air       4%         N/A       97%         3
 Fulminant Prism          Conj/Hex       3%         3d5       99%         4
 Iskenderun's Mystic Bla  Conj/Tloc      6%         2d4       99%         4
 Airstrike                Air            1%         2d(1-17)  100%        4
 Anguish                  Hex/Necr       1%         N/A       100%        4
 Leda's Liquefaction      Hex/Erth       1%         N/A       100%        4
 Manifold Assault         Tloc           2%         N/A       100%        4
 Passage of Golubria      Tloc           2%         N/A       100%        4
 Petrify                  Tmut/Erth      2%         N/A       100%        4
 Summon Lightning Spire   Summ/Air       2%         N/A       100%        4
 Alistair's Intoxication  Tmut/Pois      1%         N/A       100%        5
 Arcjolt                  Conj/Air       3%         1d13      100%        5
 Blade Hands              Tmut           1%         N/A       100%        5
 Lightning Bolt           Conj/Air       3%         1d14      100%        5
 Metabolic Englaciation   Hex/Ice        1%         N/A       100%        5
 Yara's Violent Unravell  Hex/Tmut       1%         3d3       100%        5
 Dispersal                Tloc           1%         N/A       100%        6
 Starburst                Conj/Fire      3%         6d3       100%        6
 Statue Form              Tmut/Erth      1%         N/A       100%        6
 Enfeeble                 Hex            1%         N/A       100%        7
 Orb of Destruction       Conj           5%         9d5       100%        7
 Spellforged Servitor     Conj/Summ      3%         N/A       100%        7
 Disjunction              Tloc           1%         N/A       100%        8


Dungeon Overview and Level Annotations

Branches:
Dungeon (15/15)            Temple (1/1) D:6            Lair (5/5) D:8
  Swamp (4/4) Lair:3       Spider (4/4) Lair:2        Slime (0/5) Lair:4
    Orc (2/2) D:10            Elf (3/3) Orc:2        Vaults (5/5) D:13
  Crypt (0/3) Vaults:3     Depths (4/4) D:15         Bailey (visited)
    Zot: Depths:4

Altars:
Ashenzari
Cheibriados
Dithmenos
Elyvilon
Fedhas
Gozag
Hepliaklqana
Kikubaaqudgha
Makhleb
Nemelex Xobeh
Okawaru
Qazlal
Ru
Sif Muna
Trog
Uskayaw
Vehumet
Wu Jian
Xom
Yredelemnul
Zin
The Shining One
Jiyva

Shops:
D:1 :?*   D:10 *   D:11 ?   Orc:2 (?*=   Elf:2 :=:

Portals:
Hell: Depths:1 Depths:2 Depths:3
Abyss: Vaults:3 Depths:2 Depths:3
Pandemonium: Depths:1 Depths:2
Ziggurat: Depths:2
Trove: D:13 (give 12 potions of heal wounds)

Annotations:
Lair:3 1 runed translucent door, Xetequo's ghost, journeyman MiFi
Orc:1 2 transporters, kd29's ghost, journeyman DrTm
Orc:2 1 runed translucent door, SprigganGuy's ghost, journeyman VSBr
Elf:1 Roxanne
Elf:2 3 runed translucent doors
Vaults:2 exclusion: obsidian statue
Vaults:3 2 transporters, Ceherehi's ghost, adept OgEn
Depths:3 exclusion: orange crystal statue
Depths:4 exclusion: orange crystal statue


Message History

You block the sphinx's attack.
The tengu reaver gestures at you while chanting.
The bolt of acid hits you. You resist.
* * * LOW HITPOINT WARNING * * *
The storm dragon is engulfed in blazing flames.
The storm dragon breathes lightning at you.
The bolt of lightning hits you. You resist.
* * * LOW HITPOINT WARNING * * *
The bolt of lightning hits the golden dragon!
The golden dragon resists.
Flame seeps out of the golden dragon.
The vault sentinel is engulfed in blazing flames.
The vault sentinel blows a loud note on a signal horn!
You block the tentacled monstrosity's attack.
The tentacled monstrosity tentacle-slaps you but does no damage. x2
The tentacled monstrosity grabs you.
You stop ascending the stairs.
The tentacled monstrosity constricts you.
* * * LOW HITPOINT WARNING * * *
The titan hits you but does no damage.
The golden dragon is engulfed in blazing flames.
Flame seeps out of the golden dragon.
The golden dragon misses you. The golden dragon barely misses you.
The golden dragon tramples you.
* * * LOW HITPOINT WARNING * * *
You are held in place!
The yaktaur captain is engulfed in blazing flames.
Makhleb accepts your kill.
The yaktaur captain explodes!
The fiery explosion engulfs the tengu reaver!!
Flame seeps out of the tengu reaver.
The tengu reaver is heavily wounded.
The fiery explosion engulfs you! You resist.
* * * LOW HITPOINT WARNING * * *
The fiery explosion engulfs the golden dragon.
The golden dragon resists.
Flame seeps out of the golden dragon.
The golden dragon is heavily wounded.
The fiery explosion engulfs the tentacled monstrosity!
The tentacled monstrosity resists.
Flame seeps out of the tentacled monstrosity.
The tentacled monstrosity is almost dead.
The tengu reaver hits you from afar with a +2 bardiche of flaming!
You die...

#....#
####....#####
...#....#...
...........
##.....[..#####
...[.§§§[......
...[†§H§D§.....
...[<§C@§§.....
....[pDQX§.....
##.[[[§§.Q#####
......§§§...
...#....#t...
.. #....#..#DD#
. #....#..#ee.
#....#..# c.


You could see a shadow dragon, a tentacled monstrosity (berserk, inner flame), a
titan (inner flame), a golden dragon (inner flame, catching breath), a storm
dragon (catching breath), a fire dragon shaped shifter, a sphinx, 2 tengu
reavers, a deep elf death mage, a deep elf sorcerer, a snapping turtle shaped
shifter, a vault sentinel (catching breath) and a faun.

Vanquished Creatures
  Frederick (Depths:3)
  Margery (Depths:3)
  A golden dragon (Depths:3)
  Arachne (Spider:2)
  A tentacled monstrosity (Swamp:4)
  Zenata (Vaults:2)
  Rupert (D:12)
  Jorgrun (Spider:3)
  A walking crystal tome (Depths:3)
  A quicksilver dragon (Depths:2)
  A lich (Depths:2)
  4 deep elf blademasters (Elf:3)
  2 sphinxes
  Frances (D:12)
  2 deep elf master archers (Elf:3)
  Agnes (Spider:2)
  A storm dragon (D:11)
  A tengu reaver (Depths:3)
  A fire giant (Vaults:1)
  7 emperor scorpions
  A fenstrider witch (Swamp:4)
  4 ghost moths
  10 vault wardens
  7 deep elf sorcerers (Elf:3)
  7 frost giants
  Aizul (Depths:2)
  19 ironbound preservers
  6 ghouls
  4 spectral caustic shrikes (Depths:3)
  An orc warlord (Orc:1)
  5 deep elf elementalists (Elf:3)
  25 very ugly things
  3 broodmothers
  8 ironbound thunderhulks
  4 deep elf demonologists
  6 stone giants
  3 vampire knights
  5 eleionomae (Swamp:3)
  20 dire elephants
  5 bunyips
  6 deep elf annihilators (Elf:3)
  2 spark wasps
  6 crystal guardians
  2 ettins (Depths:2)
  Snorg (D:12)
  An entropy weaver (Spider:4)
  2 shambling mangroves
  5 deep elf death magi (Elf:3)
  A merfolk impaler (Depths:1)
  10 yaktaur captains
  4 fire dragons
  5 great orbs of eyes
  9 deep elf high priests (Elf:3)
  36 vault guards
  22 hydras
  3 spriggan air magi
  Fannar (Lair:1)
  4 rakshasas
  4 ice dragons
  2 peacekeepers (Vaults:3)
  5 centaur warriors
  5 ironbound frosthearts
  10 alligators
  Erica (D:8)
  4 radroaches
  4 two-headed ogres
  9 dancing weapons
  7 boulder beetles
  6 tengu warriors
  5 deep troll shamans
  6 death yaks (Lair:2)
  2 vampire magi
  4 deep troll earth magi (Depths:2)
  2 orc high priests
  5 hell knights (Depths:3)
  A shock serpent (shapeshifter) (Vaults:5)
  Sonja (Lair:1)
  2 spriggan berserkers
  12 deep elf knights
  A storm dragon zombie (Depths:1)
  2 sun demons (Depths:1)
  The ghost of bande the Cleaver, a novice GrFi of Okawaru (D:9)
  8 iron trolls
  3 goliath frogs (Swamp:2)
  3 skeletal warriors (D:12)
  A salamander mystic (Depths:2)
  The ghost of kd29 the Ducker, a novice MfTm (D:6)
  A spriggan druid (Swamp:4)
  10 pharaoh ants
  A spark wasp zombie (Depths:1)
  A storm dragon skeleton (Depths:1)
  9 wizards
  10 swamp dragons
  59 deep trolls
  A death drake (Lair:3)
  A tengu zombie (Depths:1)
  A glowing orange brain (Depths:4)
  11 steelbarb worms
  12 bog bodies
  12 orb spiders
  9 deep elf archers
  8 ironbound convokers
  3 flayed ghosts
  14 lindwurms
  6 phantasmal warriors
  23 deep elf pyromancers
  3 necromancers
  42 ugly things
  6 orc knights
  19 wolf spiders
  A wolf spider (shapeshifter) (Vaults:4)
  23 deep elf zephyrmancers
  2 frost giant zombies (Depths:1)
  2 orc sorcerers
  A shadow dragon skeleton (Depths:1)
  3 salamanders
  A tengu skeleton (Depths:1)
  3 will-o-the-wisps
  6 manticores
  A human zombie (Vaults:4)
  6 moths of wrath
  5 cyclopes
  The ghost of hgbash the Sneak, a novice KoBr (D:5)
  6 black mambas
  6 elephants (Lair:5)
  A guardian serpent (Lair:5)
  25 vault sentinels
  An iron dragon skeleton (Vaults:4)
  14 cane toads
  A gargoyle (D:13)
  7 torpor snails
  3 efreet
  3 demonic crawlers
  3 kobold demonologists
  3 rime drakes
  11 komodo dragons
  3 unseen horrors
  A tormentor (Depths:1)
  An ice devil (Depths:1)
  2 tengu conjurers (D:15)
  24 yaktaurs
  3 trolls
  13 meliai
  A polar bear (Lair:5)
  The ghost of drugrobin the Cutter, an amateur DgDe (D:5)
  The ghost of quakins the Skirmisher, a novice SpHs (D:5)
  A merfolk (shapeshifter) (Vaults:5)
  30 tarantellas
  15 tyrant leeches
  19 hornets
  7 blink frogs (Lair:1)
  A tengu simulacrum (Depths:1)
  An ettin zombie (Vaults:4)
  37 slime creatures
  12 dream sheep
  A fire giant simulacrum (Depths:1)
  2 air elementals
  21 jumping spiders
  A vampire (D:12)
  5 wraiths
  A shadow (D:9)
  19 culicivoras
  13 water elementals
  4 spriggans
  14 wyverns
  4 basilisks
  A fire elemental (Elf:2)
  8 humans (D:13)
  19 yaks
  54 redbacks
  10 vampire mosquitoes
  A neqoxec (Depths:1)
  9 swamp worms
  5 wargs
  17 water moccasins
  Edmund (D:4)
  11 swamp drakes
  6 ice beasts
  A black bear (D:8)
  51 orc warriors
  A sky beast (D:7)
  12 ogres
  31 centaurs
  5 boggarts (D:15)
  3 wolves (D:8)
  4 kobold brigands
  14 bullfrogs
  An earth elemental (Elf:1)
  3 gnoll sergeants
  7 necrophages
  A scorpion (D:5)
  4 wights (D:9)
  17 killer bees
  3 electric eels
  6 howler monkeys
  5 hounds
  6 jellies
  27 orc priests
  2 gnoll boudas
  2 iguanas
  Natasha (thrice) (D:3)
  23 orc wizards
  Robin (D:2)
  18 gnolls
  10 adders
  An adder (shapeshifter) (Depths:2)
  9 river rats (D:6)
  A white imp (D:7)
  2 ufetubi
  A worm (D:3)
  4 dart slugs
  84 orcs
  7 ball pythons
  7 bats
  8 endoplasms
  A giant cockroach (D:2)
  15 goblins
  8 hobgoblins
  6 jackals
  24 kobolds
  11 quokkas
  2 frilled lizards
  27 rats
  2 fire vortices (Depths:2)
1694 creatures vanquished.

Vanquished Creatures (collateral kills)
  Mara (Spider:3)
  the Lernaean hydra (Swamp:4)
  A fire giant (Depths:2)
  Louise (Spider:3)
  A deep elf sorcerer (Elf:3)
  A deep elf elementalist (Elf:3)
  A spriggan defender (Depths:2)
  A deep elf annihilator (Elf:3)
  An entropy weaver (Spider:3)
  2 deep elf high priests (Elf:3)
  A hydra (Swamp:4)
  A deep troll (Depths:2)
  A steelbarb worm (Spider:3)
  A bog body (Swamp:4)
  A deep elf archer (Elf:3)
  A wolf spider (Spider:4)
  2 tarantellas (Spider:3)
  A culicivora (Spider:3)
  A swamp drake (Swamp:4)
21 creatures vanquished.

Vanquished Creatures (others)
  A fire giant (Depths:3)
  A vault guard (D:13)
  A deep elf archer (Elf:3)
  3 bloated husks
  A water elemental (Elf:3)
  3 vampire mosquitoes (Swamp:3)
  A redback (Spider:4)
  2 orc warriors
  An orc (D:8)
  15 foxfires
  53 fungi
  89 plants
  4 withered plants (D:5)
175 creatures vanquished.

Grand Total: 1890 creatures vanquished

Notes
Turn   | Place    | Note
-------+----------+-------------------------------------------
     0 | D:1      | Lobster4 the Human Wanderer began the quest for the Orb.
     0 | D:1      | Lobster4 set off with the following items: a +3 hand axe, a
                  | +0 falchion, a potion of brilliance, a +0 leather armour.
     0 | D:1      | Reached XP level 1. HP: 16/16 MP: 1/1
   152 | D:1      | Reached XP level 2. HP: 22/22 MP: 2/2
   254 | D:1      | Found Icloraju's Book Shop.
   265 | D:1      | Reached skill level 1 in Armour
   312 | D:1      | Found Gekhluos's Magic Scroll Boutique.
   352 | D:1      | Reached XP level 3. HP: 27/28 MP: 3/3
   516 | D:1      | Found Jyhol's Assorted Antiques.
   624 | D:1      | Found a faded altar of an unknown god.
  1419 | D:2      | Noticed Robin
  1506 | D:2      | Reached XP level 4. HP: 34/34 MP: 4/4
  2645 | D:3      | Reached XP level 5. HP: 41/41 MP: 5/5
  2752 | D:3      | Noticed Natasha
  2762 | D:3      | Killed Natasha
  2985 | D:3      | Noticed Natasha
  2993 | D:3      | Killed Natasha
  3069 | D:3      | Noticed Natasha
  3077 | D:3      | Killed Natasha
  3078 | D:3      | Reached XP level 6. HP: 29/48 MP: 6/6
  3775 | D:4      | Reached XP level 7. HP: 55/55 MP: 7/7
  3964 | D:4      | Reached skill level 5 in Fighting
  4175 | D:4      | Found a broken altar of Ashenzari.
  4175 | D:4      | Found a shimmering blue altar of Sif Muna.
  4297 | D:5      | Entered Level 5 of the Dungeon
  4298 | D:5      | Noticed Edmund
  4643 | D:4      | Killed Edmund
  4651 | D:5      | Reached XP level 8. HP: 53/64 MP: 8/8
  4868 | D:5      | Reached skill level 1 in Maces & Flails
  4877 | D:5      | Found a runed translucent gate.
  4877 | D:5      | Found a runed translucent gate.
  4877 | D:5      | Found a runed translucent gate.
  4894 | D:5      | Noticed quakins's ghost (novice SpHs)
  4894 | D:5      | Noticed hgbash's ghost (novice KoBr)
  4961 | D:5      | Noticed drugrobin's ghost (amateur DgDe)
  5945 | D:6      | Found a runed translucent gate.
  5946 | D:6      | Found a runed translucent gate.
  5947 | D:6      | Found a runed translucent gate.
  5948 | D:6      | Found an opulent altar of Gozag.
  5948 | D:6      | Noticed a brown ugly thing
  5949 | D:6      | Noticed kd29's ghost (novice MfTm)
  5949 | D:6      | Noticed a manticore
  5995 | D:6      | Reached XP level 9. HP: 64/71 MP: 9/9
  6261 | D:6      | Found a staircase to the Ecumenical Temple.
  6274 | Temple   | Entered the Ecumenical Temple
  6424 | Temple   | Became a worshipper of Makhleb the Destroyer
  6789 | D:1      | Bought a transparent scale mail for 243 gold pieces
  6789 | D:1      | Identified the +2 scale mail of Aptem {rPois Str+3 Dex+4}
                  | (You bought it in a shop on level 1 of the Dungeon)
  6877 | D:2      | Killed Robin
  7081 | D:7      | Reached skill level 5 in Armour
  8045 | D:8      | Noticed a rime drake
  8166 | D:8      | Found a flagged portal.
  8174 | D:8      | Reached * piety under Makhleb
  8192 | Bailey   | Entered a bailey
  8297 | Bailey   | Learned a level 1 spell: Magic Dart
  8405 | Bailey   | Reached skill level 1 in Evocations
  8531 | Bailey   | Reached skill level 1 in Throwing
  8667 | Bailey   | Noticed an orc knight
  8679 | Bailey   | Killed an orc knight
  8680 | Bailey   | Reached skill level 1 in Ranged Weapons
  8680 | Bailey   | Reached skill level 1 in Spellcasting
  8680 | Bailey   | Reached skill level 1 in Conjurations
  8680 | Bailey   | Reached XP level 10. HP: 81/81 MP: 11/11
  8709 | Bailey   | Noticed an orc knight
  8740 | Bailey   | Killed an orc knight
  8771 | Bailey   | Identified the +1 storm dragon scales "Tuxiegu" {-Cast
                  | rElec rPois Str+4}
  8974 | D:7      | Killed a rime drake
  9054 | D:7      | Reached ** piety under Makhleb
  9111 | D:8      | Reached skill level 1 in Dodging
  9111 | D:8      | Reached skill level 1 in Shields
  9137 | D:8      | Noticed Erica
  9522 | D:1      | Bought a green potion for 24 gold pieces
  9522 | D:1      | Bought 2 lumpy brown potions for 48 gold pieces
  9785 | D:8      | Killed Erica
 10030 | D:8      | Found a staircase to the Lair.
 10182 | D:8      | Killed an unseen horror
 10183 | D:8      | Reached skill level 2 in Shields
 10183 | D:8      | Reached XP level 11. HP: 27/87 MP: 13/15
 10625 | D:9      | Noticed a boulder beetle
 10631 | D:9      | Killed a boulder beetle
 10632 | D:9      | Reached skill level 3 in Shields
 10806 | D:9      | Found a runed translucent gate.
 10809 | D:9      | Found a runed translucent gate.
 10813 | D:9      | Found a runed translucent gate.
 10814 | D:9      | Noticed bande's ghost (novice GrFi)
 10816 | D:9      | Found a viscous altar of Jiyva.
 11161 | D:9      | Reached *** piety under Makhleb
 11514 | D:9      | Reached skill level 5 in Invocations
 12139 | D:10     | Entered Level 10 of the Dungeon
 12156 | D:10     | Found a stormy altar of Qazlal.
 12156 | D:10     | Found a blossoming altar of Fedhas.
 12174 | D:10     | Found an opulent altar of Gozag.
 12175 | D:10     | Found a hide-covered altar of Uskayaw.
 12275 | D:10     | Reached skill level 4 in Shields
 12354 | D:10     | Noticed a two-headed ogre
 12372 | D:10     | Killed a two-headed ogre
 12373 | D:10     | Reached skill level 5 in Maces & Flails
 12586 | D:10     | Found Fadil's Assorted Antiques.
 12594 | D:10     | Bought a scroll labelled IXKEES ROUG for 27 gold pieces
 12594 | D:10     | Bought a scroll labelled SORUTE VILUNG for 27 gold pieces
 12594 | D:10     | Identified a scroll of acquirement
 12595 | D:10     | Acquired a scarf of repulsion
 12929 | D:10     | Noticed a two-headed ogre
 12962 | D:10     | Killed a two-headed ogre
 12963 | D:10     | Reached skill level 5 in Shields
 12963 | D:10     | Reached XP level 12. HP: 83/97 MP: 16/16
 12988 | D:10     | Identified the +1 chain mail "Qaicowku" {rF- Str+4 Int+2}
 13026 | D:10     | Found a staircase to the Orcish Mines.
 13497 | Lair:1   | Entered Level 1 of the Lair of Beasts
 13500 | Lair:1   | Noticed Fannar
 13908 | Lair:1   | Killed Fannar
 14019 | Lair:1   | Noticed Sonja
 14040 | Lair:1   | Killed Sonja
 14041 | Lair:1   | Reached skill level 10 in Fighting
 14414 | Lair:1   | Reached **** piety under Makhleb
 14839 | Lair:1   | Acquired the ring "Xeusau Egao" {Will+ rCorr MP+9}
 14950 | Lair:1   | Found the +8 whip "Snakebite" {venom, curare, rPois}
 14975 | Lair:1   | Reached skill level 6 in Shields
 15422 | Lair:2   | Found a hole to the Spider Nest.
 16026 | Lair:2   | Noticed a death yak
 16026 | Lair:2   | Noticed a death yak
 16026 | Lair:2   | Noticed a death yak
 16026 | Lair:2   | Noticed a death yak
 16029 | Lair:2   | Noticed a death yak
 16037 | Lair:2   | Killed a death yak
 16041 | Lair:2   | Noticed a death yak
 16052 | Lair:2   | Killed a death yak
 16053 | Lair:2   | Reached skill level 7 in Shields
 16059 | Lair:2   | Killed a death yak
 16060 | Lair:2   | Reached XP level 13. HP: 84/104 MP: 18/18
 16541 | Lair:3   | Found a staircase to the Swamp.
 16560 | Lair:3   | Reached skill level 8 in Shields
 16877 | Lair:3   | Found a runed translucent door.
 17121 | D:1      | Bought a scroll of magic mapping for 82 gold pieces
 17121 | D:1      | Bought a scroll of identify for 22 gold pieces
 17121 | D:1      | Bought a scroll of identify for 22 gold pieces
 17851 | Lair:3   | Noticed Xetequo's ghost (journeyman MiFi)
 18333 | Lair:4   | Found a staircase to the Slime Pits.
 18333 | Lair:4   | Found a viscous altar of Jiyva.
 19073 | Lair:5   | Entered Level 5 of the Lair of Beasts
 19094 | Lair:5   | Reached skill level 9 in Shields
 19536 | Lair:5   | Noticed a four-headed hydra
 19537 | Lair:5   | Reached skill level 10 in Armour
 19559 | Lair:5   | Killed a four-headed hydra
 19751 | Lair:5   | Noticed an eight-headed hydra
 19752 | Lair:5   | Noticed a four-headed hydra
 19799 | Lair:5   | Killed an eight-headed hydra
 19809 | Lair:5   | Killed a four-headed hydra
 19810 | Lair:5   | Reached XP level 14. HP: 66/113 MP: 10/19
 20007 | Lair:5   | Reached ***** piety under Makhleb
 20223 | Lair:5   | Reached skill level 10 in Shields
 20597 | Lair:5   | Identified the +1 dagger "Lemyid" {holy, MP-9 Str+4}
 20599 | Lair:5   | Found a runed translucent door.
 22123 | Orc:1    | Entered Level 1 of the Orcish Mines
 22509 | Orc:1    | Noticed kd29's ghost (journeyman DrTm)
 22530 | Orc:1    | Found a transporter.
 22545 | Orc:1    | Reached ****** piety under Makhleb
 22653 | Orc:1    | Found a transporter.
 22750 | Orc:1    | Identified the +5 chain mail of Limited Liability {Int+4}
 22763 | Orc:2    | Entered Level 2 of the Orcish Mines
 22802 | Orc:2    | Found a runed translucent door.
 22902 | Orc:2    | Noticed SprigganGuy's ghost (journeyman VSBr)
 23140 | Orc:2    | Reached skill level 10 in Invocations
 23149 | Orc:2    | Reached XP level 15. HP: 122/122 MP: 22/22
 23166 | Orc:2    | Reached skill level 10 in Maces & Flails
 23786 | Orc:2    | Found Coaded's Magic Scroll Shoppe.
 23786 | Orc:2    | Found Kaf Irphi's General Store.
 23790 | Orc:2    | Found Puaczigg's Jewellery Shop.
 23791 | Orc:2    | Found Inilagg's Weapon Emporium.
 24157 | Orc:2    | Found a staircase to the Elven Halls.
 24386 | Orc:2    | Found a shimmering blue altar of Sif Muna.
 24545 | Orc:2    | Bought a ring of the Octopus King {HP+2 MP+9 AC+2 EV+2
                  | SH+2} for 733 gold pieces
 24545 | Orc:2    | Found the ring of the Octopus King {HP+2 MP+9 AC+2 EV+2
                  | SH+2}
 24714 | Orc:1    | Noticed an orc warlord
 24739 | Orc:1    | Killed an orc warlord
 25010 | D:11     | Reached skill level 11 in Shields
 25290 | D:11     | Found Waquto's Magic Scroll Shoppe.
 25376 | D:11     | Found a runed translucent door.
 25682 | D:12     | Noticed Frances
 25705 | D:12     | Killed Frances
 25930 | D:12     | Noticed Rupert
 25931 | D:12     | Noticed Snorg
 25979 | D:12     | Killed Rupert
 25985 | D:12     | Killed Snorg
 27492 | D:13     | Reached skill level 12 in Shields
 28257 | D:13     | Found a portal to a secret trove of treasure.
 28353 | D:13     | Reached XP level 16. HP: 113/131 MP: 24/24
 28422 | D:13     | Found a gate to the Vaults.
 29712 | D:15     | Entered Level 15 of the Dungeon
 29780 | D:15     | Found a sacrificial altar of Ru.
 30355 | D:15     | Reached skill level 13 in Shields
 30426 | D:15     | Found a staircase to the Depths.
 30842 | Spider:1 | Entered Level 1 of the Spider Nest
 32152 | Spider:1 | Noticed an emperor scorpion
 32178 | Spider:1 | Killed an emperor scorpion
 32632 | Spider:2 | Noticed Agnes
 32648 | Spider:2 | Killed Agnes
 32973 | Spider:2 | Reached XP level 17. HP: 139/139 MP: 26/26
 33416 | Spider:2 | Noticed Arachne
 33451 | Spider:2 | Killed Arachne
 33977 | Spider:2 | Reached skill level 14 in Shields
 34420 | Spider:3 | Noticed Mara
 34431 | Spider:3 | Noticed Lobster4's illusion
 35019 | Spider:3 | Noticed Lobster4's illusion
 35107 | Spider:3 | Noticed Lobster4's illusion
 35124 | Spider:3 | Noticed Jorgrun
 35133 | Spider:3 | Killed Jorgrun
 35201 | Spider:3 | Noticed Louise
 35209 | Spider:3 | Killed Louise
 35286 | Spider:3 | Noticed Lobster4's illusion
 35615 | Swamp:1  | Entered Level 1 of the Swamp
 36320 | Swamp:1  | Found a shimmering blue altar of Sif Muna.
 37599 | Swamp:2  | HP: 7/142 [bunyip (14)]
 37602 | Swamp:2  | Reached skill level 15 in Shields
 38094 | Swamp:2  | Reached XP level 18. HP: 148/148 MP: 27/27
 39406 | Swamp:3  | Reached skill level 5 in Dodging
 39436 | Swamp:3  | Reached skill level 15 in Fighting
 39653 | Swamp:4  | Entered Level 4 of the Swamp
 39734 | Swamp:4  | Noticed a tentacled monstrosity
 40229 | Swamp:4  | Killed a tentacled monstrosity
 41233 | Swamp:4  | Noticed the 27-headed Lernaean hydra
 41499 | D:1      | Bought a scroll of teleportation for 81 gold pieces
 41542 | D:1      | Bought a scroll of teleportation for 33 gold pieces
 41542 | D:1      | Bought a scroll of teleportation for 33 gold pieces
 41542 | D:1      | Bought a scroll of teleportation for 33 gold pieces
 41542 | D:1      | Bought a scroll of teleportation for 33 gold pieces
 41542 | D:1      | Bought a scroll of enchant armour for 82 gold pieces
 41897 | Swamp:4  | Reached skill level 16 in Shields
 42257 | Swamp:4  | Killed the 27-headed Lernaean hydra
 42303 | Swamp:4  | Got a decaying rune of Zot
 42571 | D:5      | Killed drugrobin's ghost
 42578 | D:5      | Killed quakins's ghost
 42586 | D:5      | Killed hgbash's ghost
 42604 | D:5      | Acquired a manual of Spellcasting
 42756 | D:6      | Killed kd29's ghost
 42932 | D:9      | Killed bande's ghost
 43140 | D:11     | Reached XP level 19. HP: 51/156 MP: 26/29
 43296 | D:11     | Identified the +6 short sword of Gaesmasi {venom, *Rage
                  | Str+2 Int+6}
 43810 | Spider:3 | Noticed Lobster4's illusion
 43821 | Spider:3 | Killed Mara
 44268 | Spider:4 | Entered Level 4 of the Spider Nest
 44847 | Spider:4 | Reached skill level 17 in Shields
 45669 | Spider:3 | HP: 1/157 [something (15)]
 47523 | Spider:4 | Got a gossamer rune of Zot
 47865 | Elf:1    | Entered Level 1 of the Elven Halls
 47972 | Elf:1    | Reached skill level 15 in Invocations
 48001 | Elf:1    | Reached skill level 18 in Shields
 48014 | Elf:1    | Identified Roxanne's Meditations on Silt
 48014 | Elf:1    | Noticed Roxanne
 48522 | Elf:1    | Reached XP level 20. HP: 137/166 MP: 31/31
 48897 | Elf:1    | Paralysed by an air elemental for 1 turns
 49121 | Elf:2    | Found Tajue's Book Emporium.
 49121 | Elf:2    | Found Taipt's Jewellery Boutique.
 49122 | Elf:2    | Found Qurhih's Book Emporium.
 49423 | Elf:2    | Found a runed translucent gate.
 49423 | Elf:2    | Found a runed translucent gate.
 49423 | Elf:2    | Found a runed translucent gate.
 50856 | Elf:3    | Entered Level 3 of the Elven Halls
 50920 | Elf:3    | Paralysed by an air elemental for 1 turns
 51350 | Elf:3    | Identified the +4 great mace of the Orcish Mines {venom,
                  | *Corrode rN+ Str+4}
 51350 | Elf:3    | Identified the ring of Disaster {rC+ Int+5}
 51350 | Elf:3    | Identified the ring "Nidarr Zuni" {Wiz rCorr Int+4}
 51588 | Elf:3    | Noticed a Brimstone Fiend
 51918 | Elf:3    | Reached skill level 19 in Shields
 52854 | Elf:3    | Identified the +1 robe of Badghime {rPois rF+}
 52854 | Elf:3    | Identified the amulet "Toil" {Reflect rF+ rC+ rCorr SH+5}
 52916 | Elf:3    | Reached XP level 21. HP: 140/166 MP: 30/32
 53596 | Elf:3    | Reached skill level 20 in Shields
 53775 | Elf:3    | Identified the +0 pair of gloves of Limited Liability {+Inv
                  | rPois}
 54193 | Vaults:1 | Entered Level 1 of the Vaults
 54413 | Depths:1 | Entered Level 1 of the Depths
 54418 | Depths:1 | Found a broken altar of Ashenzari.
 55682 | Depths:1 | Found a gateway to Hell.
 55896 | Depths:1 | Found a one-way gate leading to the halls of Pandemonium.
 56623 | Depths:2 | Found a one-way gateway to a ziggurat.
 56773 | Depths:2 | Noticed Aizul
 56793 | Depths:2 | Killed Aizul
 57724 | Depths:2 | Reached skill level 21 in Shields
 57947 | Depths:2 | Reached skill level 15 in Maces & Flails
 58488 | Depths:2 | Reached XP level 22. HP: 184/184 MP: 33/33
 58581 | Depths:2 | Found a one-way gate to the infinite horrors of the Abyss.
 59703 | Depths:3 | Noticed a golden dragon
 59727 | Depths:3 | Killed a golden dragon
 60025 | Depths:3 | Noticed Margery
 60030 | Depths:3 | Noticed Frederick
 60046 | Depths:3 | Killed Margery
 60048 | Depths:3 | Killed Frederick
 60797 | Depths:4 | Entered Level 4 of the Depths
 60888 | Depths:4 | Reached skill level 22 in Shields
 61316 | Depths:3 | Found a shimmering blue altar of Sif Muna.
 61318 | Depths:3 | HP: 6/188 [deep troll (18)]
 61337 | Depths:3 | HP: 7/188 [crystal guardian/crystal bolt (8)]
 62813 | Vaults:1 | Reached XP level 23. HP: 180/194 MP: 34/34
 64123 | Vaults:2 | Reached skill level 23 in Shields
 64132 | Vaults:2 | Noticed Zenata
 64536 | Vaults:2 | Killed Zenata
 66623 | Vaults:3 | Reached XP level 24. HP: 203/203 MP: 35/35
 67078 | Vaults:3 | Noticed Ceherehi's ghost (adept OgEn)
 67080 | Vaults:3 | Found a transporter.
 67170 | Vaults:3 | Found a staircase to the Crypt.
 67170 | Vaults:3 | Found an ancient bone altar of Kikubaaqudgha.
 67170 | Vaults:3 | Found a basalt altar of Yredelemnul.
 67378 | Vaults:3 | Found a transporter.
 67566 | Vaults:4 | Reached skill level 24 in Shields
 69503 | Vaults:5 | Entered Level 5 of the Vaults
 69531 | Vaults:5 | Noticed a golden dragon
 69542 | Vaults:5 | Reached skill level 25 in Shields
 69544 | Vaults:5 | HP: 8/208 [spore (9)]
 69544 | Vaults:5 | Slain by a tengu reaver

Illustrated notes

Levels and vault maps discovered:
D:1:      dpeg_arrival_morbid_curiosity, layout_basic, serial_shops,
          nicolae_shop_temple_entry_statues_fountains, shop_statue, shop, shop,
          shapermc_ecumenical_altar_mp_urbaneastern, hangedman_decor_slide_cut
D:2:      layout_loops_ring, uniq_robin
D:3:      wander_river, layout_basic, uniq_natasha
D:4:      layout_gridville, nicolae_overflow_two_pavilions
D:5:      layout_loops_ring, gammafunk_ghost_cemetery,
          chequers_serial_rivers_micro_c, uniq_edmund
D:6:      lemuel_ratsnest, layout_loops_ring,
          minmay_temple_entry_statues_fountains, ebering_ghost_gozag
D:7:      layout_loops_ring, dreamdust_princess_bridge
D:8:      layout_cave_pools, hellmonk_lair_entry_icy, enter_bailey_2,
          grunt_ministairs_12, amcnicky_mini_corridor_feature, uniq_erica
D:9:      layout_stronghold, gammafunk_ghost_ooze, minmay_hedge_maze
D:10:     layout_roguey, mainiacjoe_overflow_alcove_3,
          minmay_orc_entry_guard_dogs, serial_shops, shop, st_stairs_4
D:11:     layout_rooms, serial_shops, nicolae_shop_advertising_works
          [nicolae_subvault_shop_adworks], minivault_13
D:12:     layout_stronghold, drop_trap, minivault_24, grunt_decor_clamped,
          uniq_snorg, uniq_frances, uniq_rupert
D:13:     layout_layer_cave, ximxim_vaults_locker_room, enter_trove_6
D:14:     layout_small_grid, minmay_misc_feat_diagonals
D:15:     hangedman_depths_entry_try_elsewhere_first, layout_rooms,
          hangedman_ru_absence
Temple:   nicolae_temple_bog_church
Lair:1:   layout_roguey, gauntlet_entry_generic, uniq_sonja, uniq_fannar
Lair:2:   layout_roguey, hellmonk_spider_entry_not_the_bees, serial_rivers,
          chequers_serial_rivers_micro_b, chequers_serial_rivers_large_a,
          chequers_serial_rivers_micro_d, chequers_serial_rivers_micro_e,
          chequers_serial_rivers_small_b
Lair:3:   layout_cave_pods, skrybe_swamp_entry_bodies,
          ebering_ghost_reflecting_pool
Lair:4:   layout_gridlike, slime_entry_1
Lair:5:   wormcave, layout_regular_city, hangedman_lair_tendril_chambers
Swamp:1:  layout_falls_marsh, basic_altar
Swamp:2:  layout_basic_swamp, serial_swamp_ruin, evilmike_swamp_ruin_house_5,
          evilmike_swamp_ruin_house_1, swamp_pool5
Swamp:3:  layout_basic_swamp, evilmike_swamp_ruin_house_4, swamp_pool3,
          nicolae_swamp_dragon_and_kin
Swamp:4:  swamp_basic_johnstein, layout_basic_swamp, swamp_pool1,
          infiniplex_staircase_pool
Spider:1: layout_spider_delve, drop_trap
Spider:2: layout_spider_delve, nicolae_spider_twisty_arc_passages, uniq_arachne,
          uniq_agnes
Spider:3: layout_spider_delve, uniq_jorgrun, uniq_mara, uniq_louise
Spider:4: grunt_spider_rune_circles
Orc:1:    layout_diamond_mine, gammafunk_ghost_arena, elf_legates
Orc:2:    st_orc_rangers, layout_caves, ebering_ghost_reflecting_pool,
          basic_altar, kennysheep_orc_sif_temple
Elf:1:    minmay_elf_arrival_summoners, layout_rooms, hangedman_corner_corridor,
          uniq_roxanne
Elf:2:    elven_hall_of_blades_hangedman_original
          [nicolae_blade_entry_area_security], layout_onion_city,
          minmay_shop_grove
Elf:3:    minmay_elf_hall_hex, layout_rooms
Vaults:1: nicolae_vaults_bisected_slash, nicolae_vaults_border_crossing,
          serial_ice_m, vaults_mumra_lcd, nicolae_vaults_specimen_jars,
          nicolae_vaults_network_square, vaults_room_grunt_arrival_ludios,
          nicolae_vaults_network_s, nicolae_vaults_mini_display_case,
          hangedman_vaults_locks, ontoclasm_vaults_gallery, grunt_vaults_focal,
          nicolae_vaults_circle_grid_b, v_misc_8, layout_vaults_ring
Vaults:2: vaults_mumra_minichess_inversion, v_misc_14, vaults_room_pools,
          nicolae_vaults_statue_guard, vaults_room_hallway,
          ontoclasm_vaults_shuriken, v_misc_26, v_rooms_4, v_pattern_4,
          grunt_vaults_funnel, ontoclasm_vaults_ring_square,
          ontoclasm_vaults_ring_square, v_misc_11, layout_vaults_omnicross,
          uniq_zenata
Vaults:3: gammafunk_ghost_abyssal_escape, v_alt_pattern_1, vaults_room_fours,
          hangedman_vaults_corner, st_lines, minmay_crypt_entry_necro_gods,
          nicolae_vaults_rhombus_7, nicolae_vaults_circle_grid_b,
          layout_vaults_omnigrid
Vaults:4: v_misc_8, nicolae_vaults_what_the_h, vaults_room_ringed_pool,
          st_squares, v_misc_4, nicolae_vaults_bisected_exclaves,
          nicolae_vaults_asterisk, ontoclasm_vaults_loading_screen,
          nicolae_vaults_little_squares_5, layout_vaults_big_room
Vaults:5: serial_shops
Depths:1: layout_honeycomb, kennysheep_doodads, rand_demon_pan_entry_9,
          grunt_hell_entry_dis_old, evilmike_ruin_ashenzari,
          serial_bayou_shore_a
Depths:2: minmay_polygon_palace, layout_basic, enter_ziggurat_f,
          hangedman_abyss_entry_splay, hell_entry, serial_aquarium,
          aquarium_bridge_island_small [aquarium_subvault_small_open,
          aquarium_subvault_bridge, aquarium_subvault_balcony,
          aquarium_subvault_bridge, aquarium_subvault_bridge],
          aquarium_bridge_straight [aquarium_subvault_bridge,
          aquarium_subvault_wall, aquarium_subvault_bridge,
          aquarium_subvault_wall], aquarium_window_2, aquarium_window_1,
          aquarium_window_1, aquarium_window_fake, aquarium_view_2c,
          aquarium_view_2d, pan_entry, uniq_aizul
Depths:3: minmay_crystal_thing, layout_basic, serial_sigils_hangedman_shear,
          abyss_entry, pf_hell_entry_tar_river, infiniplex_staircase_pool_2,
          serial_bayou_shore_b, uniq_frederick, uniq_margery
Depths:4: grunt_zot_entry_hairpin, layout_gridlike, kennysheep_flooded_box,
          hell_entry, minivault_16

Skill      XL: |  1  2  3  4  5  6  7  8  9 10 11 12 13 14 15 16 17 18 19 20 21 22 23 24 |
---------------+-------------------------------------------------------------------------+-----
Armour         | 1 2 3 4 5 6 7 9 10 11 12 | 12.0
Fighting       | 3 4 5 6 8 9 10 11 12 13 14 15 16 17 18 19 20 | 20.7
Axes           | 6 7 |  7.9
Maces & Flails | 1 2 3 5 6 8 9 11 12 13 15 16 | 16.3
Evocations     | 1 3 |  3.0
Throwing       | 2 3 |  3.0
Invocations    | 2 3 5 7 10 11 12 13 15 16 | 16.0
Ranged Weapons | 1 2 3 |  3.0
Spellcasting   | 1 2 3 |  3.0
Conjurations   | 1 2 3 |  3.0
Dodging        | 2 3 4 6 |  6.0
Shields        | 2 5 7 9 10 12 13 15 16 18 19 21 22 23 25 | 25.0
Long Blades    | |  2.0

Action                   |  1- 3 |  4- 6 |  7- 9 | 10-12 | 13-15 | 16-18 | 19-21 | 22-24 || total
-------------------------+-------+-------+-------+-------+-------+-------+-------+-------++-------
Melee: Hand axe          |    73 |   188 |    67 |       |       |       |       |       ||   328
       Punch             |     1 |     1 |     4 |    10 |       |       |       |       ||    16
       Short sword       |       |       |     5 |       |       |       |       |       ||     5
       Flail             |       |       |   315 |   562 |   469 |  1168 |   361 |       ||  2875
       Whip              |       |       |       |   100 |  1113 |   961 |  1329 |   116 ||  3619
       Eveningstar       |       |       |       |       |       |       |   706 |  2159 ||  2865
 Fire: Sling             |       |       |       |    52 |       |       |       |       ||    52
Throw: Stone             |     1 |    13 |    14 |       |       |       |       |       ||    28
       Dart              |       |     7 |    28 |    29 |    44 |    22 |    23 |     5 ||   158
       Boomerang         |       |       |    39 |    74 |       |       |       |       ||   113
       Throwing net      |       |       |     2 |     2 |       |       |       |       ||     4
Invok: Minor Destruction |       |       |       |       |     1 |    83 |    59 |    34 ||   177
       Major Destruction |       |       |       |       |     1 |       |       |       ||     1
       Lesser Servant of |       |       |       |       |       |     3 |     2 |       ||     5
       Greater Servant o |       |       |       |       |       |     2 |     5 |     2 ||     9
Evoke: Wand              |       |       |     4 |     7 |     5 |    11 |    10 |     2 ||    39
       Lightning rod     |       |       |       |       |       |     8 |     8 |     4 ||    20
       Tin of tremorston |       |       |       |       |       |     4 |     3 |     2 ||     9
       Phantom mirror    |       |       |       |       |       |     1 |     1 |     1 ||     3
  Use: Scroll            |       |     7 |    14 |    14 |     8 |    15 |    18 |     8 ||    84
       Potion            |       |       |     4 |     3 |     1 |     5 |    12 |     7 ||    32
 Stab: Distracted        |       |       |       |       |       |     1 |       |     1 ||     2
Armor: Leather armour    |    17 |    55 |    81 |       |       |       |       |       ||   153
       Scale mail        |       |       |    80 |       |       |       |       |       ||    80
       Storm dragon scal |       |       |       |   435 |   542 |  1086 |  1068 |   686 ||  3817
       Skin              |       |       |       |    56 |       |       |       |     5 ||    61
Dodge: Dodged            |    45 |    92 |   231 |   367 |   572 |   657 |   534 |   495 ||  2993
       Repelled          |       |       |       |       |     6 |     4 |       |       ||    10
Block: Tower shield      |       |       |       |   134 |       |  1557 |  1903 |  2306 ||  5900
       Kite shield       |       |       |       |    38 |   978 |   348 |       |       ||  1364
       Reflection        |       |       |       |       |       |       |       |    60 ||    60

Table legend: (Time is in decaauts)
 A = Elapsed time spent in this place.
 B = Non-inter-level travel time spent in this place.
 C = Inter-level travel time spent in this place.
 D = Time resting spent in this place.
 E = Time spent auto-exploring this place.
 F = Levels seen in this place.
 G = Mean time per level.
                   A        B        C        D        E       F      G
               +--------+--------+--------+--------+--------+-----+--------+
         Total |  68229 |  61340 |   6889 |  14986 |  27073 |  44 | 1550.7 |
       Dungeon |  21553 |  17848 |   3705 |   3121 |   9446 |  15 | 1436.9 |
        Temple |    171 |    137 |     34 |      0 |    102 |   1 |  171.0 |
          Lair |   9954 |   8890 |   1064 |   2187 |   4675 |   5 | 1990.8 |
         Swamp |   5900 |   5547 |    353 |   2096 |   1601 |   4 | 1475.0 |
   Spider Nest |   7645 |   7215 |    430 |   2767 |   1963 |   4 | 1911.2 |
  Orcish Mines |   2754 |   2456 |    298 |    370 |   1196 |   2 | 1377.0 |
   Elven Halls |   5338 |   4895 |    443 |   1413 |   1644 |   3 | 1779.3 |
        Vaults |   7338 |   7033 |    305 |    818 |   3903 |   5 | 1467.6 |
        Depths |   6868 |   6613 |    255 |   2079 |   2483 |   4 | 1717.0 |
        Bailey |    703 |    703 |      0 |    131 |     55 |   1 |  703.0 |
               +--------+--------+--------+--------+--------+-----+--------+

Top non-repeatable levels by time:
  Lair:2: 2693 daAuts
   Elf:3: 2627 daAuts
  Lair:5: 2606 daAuts
Spider:3: 2470 daAuts
Spider:4: 2329 daAuts
Depths:1: 2282 daAuts
Depths:2: 2280 daAuts
     D:9: 2258 daAuts
Spider:2: 2040 daAuts
  Lair:3: 1964 daAuts
Vaults:1: 1911 daAuts
Vaults:2: 1902 daAuts
Depths:3: 1899 daAuts
     D:7: 1854 daAuts
 Swamp:4: 1803 daAuts
